 Dungeon Crawl Stone Soup version 0.30-a0-782-ge64f9170bb (webtiles) character file.

Game seed: 10642959415625306160

162814 Flugkiller the Jinx (level 17, 0/105 (111) HPs)
             Began as a Deep Elf Chaos Knight on Feb 28, 2023.
             Was a Plaything of Xom.
             Slain by a broodmother (31 damage)
             ... on level 4 of the Spider Nest on Mar 1, 2023.
             The game lasted 01:11:52 (28399 turns).

Flugkiller the Jinx (Deep Elf Chaos Knight)        Turns: 28399, Time: 01:11:52

HP:   0/105 (111)   AC: 17    Str:  3 (7)  XL:     17   Next: 22%
MP:   31/31         EV: 20    Int: 19 (20) God:    Xom [..*...]
Gold: 1386          SH: 17    Dex: 17 (22) Spells: 19/32 levels left

rFire   + . .      SeeInvis +    D - +3 demon blade (vamp)
rCold   . . .      Faith    .    u - +0 kite shield {AC+3}
rNeg    . . .      Spirit   .    o - +0 troll leather armour
rPois   +          Reflect  +    I - +0 helmet
rElec   .          Harm     .    F - +2 cloak
rCorr   .          Rampage  +    k - +2 pair of gloves {Dex+3}
Will    +....                    U - +2 pair of boots {rampage}
Stlth   +++                      B - amulet of reflection
HPRegen 1.17/turn                C - ring "Tietsium" {rPois rF+ Dex+3 SInv}
MPRegen 0.22/turn                v - +5 ring of evasion

@: lethally poisoned (0 -> -10), drained, unable to drink
A: claws 1, talons 1, clumsy 2, deterioration 1, weak 1, inability to drink
after injury 1
a: Renounce Religion


You were on level 4 of the Spider Nest.
You worshipped Xom.
You were a toy of Xom.
You visited 4 branches of the dungeon, and saw 26 of its levels.
You also visited: Volcano.

You collected 2583 gold pieces.
You spent 1197 gold pieces at shops.

Inventory:

Hand Weapons
 D - a +3 vampiric demon blade (weapon)
   (You bought it in a shop on level 12 of the Dungeon)
 P - a +4 scimitar of flaming
   (You took it off an efreet on level 13 of the Dungeon)
Missiles
 M - 2 curare-tipped darts
 O - a throwing net
Armour
 k - a +2 pair of gloves of dexterity (worn)
   (You found it on level 3 of the Spider Nest)
 o - a +0 troll leather armour (worn)
   (You found it on level 14 of the Dungeon)
 u - a +0 kite shield of protection (worn)
   (You took it off a tengu warrior on level 15 of the Dungeon)
 F - a +2 cloak (worn)
   (You took it off Maurice on level 13 of the Dungeon)
 I - a +0 helmet (worn)
   (You found it on level 2 of the Dungeon)
 U - a +2 pair of boots of rampaging (worn)
   (You found it on level 11 of the Dungeon)
Jewellery
 b - a +6 ring of intelligence
   (You found it on level 8 of the Dungeon)
 c - a ring of protection from cold
   (You found it on level 12 of the Dungeon)
 i - a ring of see invisible
   (You found it on level 7 of the Dungeon)
 m - an amulet of regeneration
   (You found it on level 1 of the Dungeon)
 p - a +4 ring of protection
   (You took it off an orc wizard on level 6 of the Dungeon)
 v - a +5 ring of evasion (right hand)
   (You found it on level 2 of the Spider Nest)
 B - an amulet of reflection (around neck)
   (You found it on level 5 of the Dungeon)
 C - the ring "Tietsium" (left hand) {rPois rF+ Dex+3 SInv}
   (You found it on level 14 of the Dungeon)

   [ring of see invisible]

   Dex:       It affects your dexterity (+3).
   rF:        It protects you from fire.
   rPois:     It protects you from poison.
   SInv:      It lets you see invisible.
 Z - the ring "Otrutef" {*Slow rElec rPois rN+}
   (You found it on level 12 of the Dungeon)

   [ring of positive energy]

   rElec:     It insulates you from electricity.
   rPois:     It protects you from poison.
   rN:        It protects you from negative energy.
   *Slow:     It may slow you when you take damage.
Wands
 y - a wand of flame (54)
   (You found it on level 4 of the Dungeon)
 A - a wand of charming (1)
   (You found it on level 13 of the Dungeon)
 J - a wand of quicksilver (6)
   (You took it off an orc on level 6 of the Dungeon)
 T - a wand of roots (3)
   (You found it on level 12 of the Dungeon)
Scrolls
 f - 3 scrolls of brand weapon
 l - 8 scrolls of vulnerability
 r - 2 scrolls of identify
 x - 3 scrolls of fear
 z - a scroll of blinking
 E - 5 scrolls of poison
 G - 4 scrolls of fog
 N - 3 scrolls of magic mapping
 R - 3 scrolls of torment
 S - 3 scrolls of immolation
 X - 2 scrolls of silence
Potions
 a - 6 potions of ambrosia
 d - 2 potions of mutation
 e - 5 potions of flight
 g - 2 potions of magic
 h - 2 potions of haste
 j - 7 potions of brilliance
 n - a potion of resistance
 q - 15 potions of curing
 s - 2 potions of berserk rage
 w - 2 potions of heal wounds
 H - 2 potions of cancellation
 Q - 4 potions of attraction
 W - 3 potions of lignification
Miscellaneous
 K - a piece from Xom's chessboard (15/15) (quivered)
 Y - a box of beasts
   (You found it on level 5 of the Lair of Beasts)


   Skills:
 - Level 14.0 Fighting
 - Level 4.0(10.5) Short Blades
 - Level 13.7(14.0) Long Blades
 - Level 0.7 Armour
 - Level 12.0 Dodging
 - Level 4.0 Stealth
 + Level 9.8 Shields
 - Level 8.0 Spellcasting
 - Level 14.0 Hexes
 - Level 10.0 Summonings
 - Level 8.0 Evocations


You had 19 spell levels left.
You knew the following spells:

 Your Spells              Type           Power      Damage    Failure   Level
a - Cause Fear            Hex            28%        N/A       1%          4
b - Slow                  Hex            100%       N/A       1%          1
c - Confusing Touch       Hex            57%        N/A       1%          3
d - Summon Mana Viper     Hex/Summ       52%        N/A       9%          5

Your spell library contained the following spells:

 Spells                   Type           Power      Damage    Failure   Level
 Ensorcelled Hibernation  Hex/Ice        68%        N/A       3%          2
 Dazzling Flash           Conj/Hex       68%        N/A       7%          3
 Inner Flame              Hex/Fire       34%        N/A       7%          3
 Anguish                  Hex/Necr       17%        N/A       22%         4
 Fulminant Prism          Conj/Hex       17%        3d11      22%         4
 Leda's Liquefaction      Hex/Erth       17%        N/A       22%         4
 Summon Ice Beast         Ice/Summ       26%        N/A       45%         4
 Blink                    Tloc           14%        N/A       52%         2
 Sublimation of Blood     Necr           7%         N/A       52%         2
 Wereblood                Tmut           7%         N/A       52%         2
 Silence                  Hex/Air        17%        N/A       54%         5
 Kindle Blastsparks       Fire/Tloc/Air  14%        2d11      77%         3
 Mephitic Cloud           Conj/Pois/Air  7%         N/A       77%         3
 Ozocubu's Armour         Ice            7%         N/A       77%         3
 Spider Form              Tmut/Pois      7%         N/A       77%         3
 Vampiric Draining        Necr           7%         2d6       77%         3
 Iskenderun's Mystic Bla  Conj/Tloc      7%         2d4       99%         4
 Manifold Assault         Tloc           7%         N/A       99%         4
 Monstrous Menagerie      Summ           22%        N/A       99%         7
 Summon Hydra             Summ           22%        N/A       99%         7
 Agony                    Necr           7%         N/A       100%        5
 Freezing Cloud           Conj/Ice/Air   3%         6-21      100%        5
 Lee's Rapid Deconstruct  Erth           3%         3d5*      100%        5
 Simulacrum               Ice/Necr       3%         N/A       100%        6
 Statue Form              Tmut/Erth      4%         N/A       100%        6
 Haunt                    Necr/Summ      13%        N/A       100%        7
 Ozocubu's Refrigeration  Ice            3%         4d8       100%        7
 Storm Form               Tmut/Air       3%         N/A       100%        7
 Discord                  Hex            28%        N/A       100%        8
 Polar Vortex             Ice            3%         N/A       100%        9


Dungeon Overview and Level Annotations

Branches:
Dungeon (15/15) Zot: 25648  Temple (0/1) D:6            Lair (5/5) D:11 Zot: 23267
  Swamp (0/4) Lair:2       Spider (4/4) Lair:2 Zot: 19059   Slime (0/5) Lair:4
    Orc (2/2) D:10 Zot: 10628     Elf (0/3) Orc:2        Vaults (0/5) D:13
 Depths (0/4) D:15        Volcano (visited)

Altars:
Ashenzari
Dithmenos
Elyvilon
Fedhas
Gozag
Kikubaaqudgha
Nemelex Xobeh
Qazlal
Ru
Trog
Uskayaw
Xom
Zin

Shops:
D:3 ?   D:12 (!=*   D:13 :   Orc:2 [*(:

Annotations:
D:4 Menkaure
D:5 2 transporters, utis's ghost, novice TeWn
D:6 3 runed translucent doors, kae's ghost, novice DEFE


Innate Abilities, Weirdness & Mutations

You have sharp fingernails.
You have sharp toenails.
You are very clumsy. (Dex -4)
Your body sometimes deteriorates upon taking damage.
You are weak. (Str -2)
You occasionally lose the ability to drink potions when taking damage.


Message History

The broodmother is moderately wounded.
The broodmother summons spiders!
You slash the broodmother!
The broodmother is moderately wounded.
The broodmother barely misses you. You block the wolf spider's attack.
The wolf spider bites you but does no damage.
The jumping spider leaps!
You hit the broodmother.
The broodmother is moderately wounded.
You block the wolf spider's attack.
The wolf spider bites you but does no damage.
The broodmother summons spiders!
You slice the broodmother!!
The broodmother is heavily wounded.
You hear a faint skittering sound.
You block the wolf spider's attack. The wolf spider misses you.
The jumping spider leaps!
The jumping spider closely misses you. You block the jumping spider's attack.
You slash the broodmother!
The broodmother is heavily wounded.
The broodmother bites you but does no damage.
A culicivora comes into view.
You block the wolf spider's attack. The wolf spider barely misses you.
You block the jumping spider's attack. x2
You hit the broodmother.
The broodmother is heavily wounded.
The broodmother is healed somewhat.
You block the broodmother's attack.
The wolf spider hits you but does no damage.
The wolf spider barely misses you.
The jumping spider leaps!
You block the jumping spider's attack.
The jumping spider completely misses you.
You slash the broodmother!
The broodmother is severely wounded.
You block the broodmother's attack.
The wolf spider hits you but does no damage.
You block the wolf spider's attack.
The jumping spider leaps!
You slash the broodmother!
The broodmother is severely wounded.
A redback comes into view.
The wolf spider hits you! The wolf spider barely misses you.
The broodmother bites you but does no damage.
You completely miss the broodmother.
The broodmother is severely wounded.
You block the tarantella's attack.
The jumping spider leaps!
You block the wolf spider's attack.
The wolf spider bites you but does no damage.
The broodmother bites you!!
You hit the broodmother.
You feel better.
The broodmother is severely wounded.
The tarantella touches you but does no damage.
You block the wolf spider's attack. x2; The jumping spider barely misses you.
The jumping spider completely misses you.
You block the broodmother's attack.
Unknown command.
You completely miss the broodmother.
The broodmother is severely wounded.
The tarantella touches you but does no damage.
You block the wolf spider's attack. The wolf spider bites you.
You are poisoned.
The wolf spider poisons you! You block the jumping spider's attack.
The jumping spider completely misses you.
The jumping spider leaps!
The broodmother bites you but does no damage.
Aiming: Fastroot
Press: ? - help, Shift-Dir - straight line, f - broodmother
Aim: a broodmother (severely wounded)
The roots erupt in riotous growth!
Roots grab the broodmother.
Roots grab the tarantella.
Roots grab the redback.
Roots grab the culicivora.
Roots grab the wolf spider.
The grasping roots constrict the culicivora!
The grasping roots constrict the redback.
The grasping roots constrict the broodmother!
The grasping roots constrict the wolf spider.
The grasping roots constrict the tarantella!
You feel extremely sick.
You hear an angry buzzing noise.
You hear a hideous shriek!
The jumping spider leaps!
The tarantella touches you but does no damage.
You block the wolf spider's attack. x2; The jumping spider pounces on you!
The jumping spider bites you.
The tarantella is healed somewhat.
A meliai comes into view. It is wielding a +0 heavy hand axe.
The jumping spider leaps!
You block the tarantella's attack.
The jumping spider leaps!
The wolf spider barely misses you. The wolf spider completely misses you.
The broodmother completely misses you.
You hit the broodmother.
You feel better.
The broodmother is almost dead.
The grasping roots constrict the culicivora!
The grasping roots constrict the redback.
The grasping roots constrict the broodmother!
The grasping roots constrict the wolf spider.
The grasping roots constrict the tarantella.
You feel very sick.
The tarantella's wounds heal themselves!
The tarantella touches you.
* * * LOW HITPOINT WARNING * * *
You block the wolf spider's attack. x2; The jumping spider leaps!
The broodmother bites you!!
You feel threatened and lose the ability to drink potions!
You die...
Xom guffaws!

. ##^....^...#
##^#..........#
.###..##..##..^##..
....#...###..###
^8. ...^..#..##...
.....
.##.#..○##.s#..
8..8 .ss.....#s^#
.# ... ...#...○sss#
!. #^ #.###@s## ..#
#.y^# #.. .○.###
...#..^# #...#.^ #.
..# . .#. #.#.


You could see a broodmother (rooted), a wolf spider (summoned, rooted), a
culicivora (rooted), 3 jumping spiders, a tarantella (summoned, rooted), a
redback (rooted) and a meliai.

Vanquished Creatures
  An emperor scorpion (Spider:3)
  2 ghost moths
  An orc warlord (Orc:2)
  2 broodmothers
  4 dire elephants (Lair:5)
  A red draconian (Volcano)
  The ghost of Reshi88 the Fighter, a journeyman FoFi of Qazlal (D:11)
  4 entropy weavers
  A hydra (D:14)
  A vault guard (D:13)
  Fannar (D:12)
  A catoblepas (D:13)
  2 radroaches
  4 two-headed ogres
  2 boulder beetles
  5 centaur warriors
  2 tengu warriors
  4 orc high priests
  A salamander mystic (Volcano)
  3 pharaoh ants
  A sun moth (Spider:3)
  A spectral death yak (Lair:5)
  A spectral anaconda (Lair:5)
  A bog body (Lair:2)
  4 orb spiders
  An obsidian statue (Lair:5)
  2 deep elf pyromancers
  2 necromancers (Lair:5)
  A wizard (D:15)
  4 lindwurms (Lair:5)
  A steelbarb worm (Spider:3)
  2 orc knights (Orc:2)
  A deep elf zephyrmancer (D:15)
  7 ugly things
  9 wolf spiders
  3 orc sorcerers (Orc:2)
  2 manticores
  4 cyclopes
  4 moths of wrath
  A black mamba (Lair:1)
  5 demonic crawlers
  19 elephants
  Maurice (D:13)
  A black mamba (shapeshifter) (D:14)
  5 torpor snails
  2 cane toads (shapeshifter)
  A gargoyle (Volcano)
  A dire elephant skeleton (Lair:5)
  2 centaur skeletons (D:15)
  4 cane toads
  2 efreet (D:13)
  An unseen horror (D:10)
  4 komodo dragons
  2 kobold demonologists
  A tengu conjurer (D:15)
  A komodo dragon (shapeshifter) (D:15)
  A queen bee (Lair:2)
  A merfolk (Spider:3)
  A queen bee (shapeshifter) (D:13)
  6 trolls
  12 blink frogs
  15 tarantellas
  A dream sheep (Lair:5)
  A spectral elephant (Lair:5)
  23 jumping spiders
  5 slime creatures
  3 shadows
  18 yaks
  A vampire (D:10)
  3 wyverns
  A wraith (D:12)
  12 culicivoras
  3 basilisks
  24 redbacks
  5 vampire mosquitoes
  A spectral cane toad (Lair:5)
  A death yak simulacrum (Lair:5)
  7 water moccasins
  A floating eye (shapeshifter) (Lair:3)
  2 nameless horrors
  22 orc warriors
  A sky beast (D:7)
  A hornet zombie (D:15)
  2 ice beasts
  2 black bears
  4 ogres
  3 boggarts (D:13)
  11 wolves
  2 centaurs
  2 phantoms
  4 kobold brigands
  9 bullfrogs
  2 gnoll sergeants (D:10)
  6 scorpions
  A cane toad simulacrum (Lair:5)
  8 wights
  24 killer bees
  7 howler monkeys
  Crazy Yiuf (D:2)
  3 gnoll boudas
  17 orc priests
  2 hounds (D:4)
  A jelly (D:6)
  An iguana (D:6)
  24 orc wizards
  Robin (D:3)
  16 gnolls
  10 adders
  2 river rats (Lair:2)
  A shadow imp (D:7)
  2 white imps (D:7)
  An ufetubus (D:5)
  4 dart slugs
  97 orcs
  6 ball pythons
  3 bats
  6 endoplasms
  3 giant cockroaches
  13 goblins
  8 hobgoblins
  6 jackals
  4 quokkas
  3 frilled lizards
  27 kobolds
  9 rats
677 creatures vanquished.

Vanquished Creatures (collateral kills)
  2 ghost moths
  2 spark wasps
  Snorg (Lair:4)
  An entropy weaver (Spider:1)
  4 two-headed ogres
  Erica (D:10)
  A centaur warrior (D:15)
  4 hydras
  A boulder beetle (Lair:2)
  A jorogumo (Spider:1)
  7 death yaks
  An orc high priest (Orc:2)
  Amaemon (Lair:3)
  5 pharaoh ants
  3 orb spiders
  A wizard (D:15)
  A deep elf pyromancer (Volcano)
  A steelbarb worm (Spider:3)
  An orc knight (Orc:2)
  4 wolf spiders
  2 necromancers
  An ugly thing (D:14)
  5 cyclopes
  3 orc sorcerers
  A salamander (Volcano)
  3 manticores
  2 moths of wrath
  10 elephants
  A centaur zombie (D:15)
  A demonic crawler (Spider:2)
  2 black mambas (Lair:3)
  5 molten gargoyles (Volcano)
  An orange demon (Lair:3)
  2 cane toads
  2 rime drakes
  A kobold demonologist (D:11)
  2 unseen horrors
  A yaktaur (D:15)
  A tengu conjurer (D:15)
  A komodo dragon (D:13)
  A troll (Orc:2)
  A spectral elephant (Lair:5)
  2 tarantellas (Spider:1)
  7 dream sheep
  5 blink frogs (Lair:3)
  4 jumping spiders
  3 culicivoras
  3 yaks
  8 slime creatures
  2 basilisks
  A human (D:10)
  18 redbacks
  2 vampire mosquitoes
  3 wargs
  3 water moccasins
  6 orc warriors
  2 wolves (Lair:5)
  An ogre (D:15)
  A bullfrog (Lair:3)
  3 killer bees (D:10)
  An elephant simulacrum (Lair:5)
  3 howler monkeys
  7 orc priests
  A hound (D:6)
  3 jellies (Lair:4)
  2 hell rats (Lair:2)
  10 orc wizards
  2 gnolls
  18 orcs
213 creatures vanquished.

Vanquished Creatures (others)
  An ogre mage (D:15)
  A dancing weapon (D:13)
  An elephant (Lair:5)
  A tarantella (Spider:3)
  A blink frog (Lair:1)
  2 redbacks (Spider:3)
  An orc warrior (Orc:2)
  An orc priest (Orc:2)
  An orc wizard (Orc:2)
  2 orcs (Orc:2)
  A hobgoblin (D:1)
  An endoplasm zombie (D:3)
  An orc zombie (D:5)
  46 fungi
  76 plants
  29 withered plants (Lair:5)
166 creatures vanquished.

Grand Total: 1056 creatures vanquished

Notes
Turn   | Place    | Note
-------+----------+-------------------------------------------
     0 | D:1      | Flugkiller the Deep Elf Chaos Knight began the quest for
                  | the Orb.
     0 | D:1      | Reached XP level 1. HP: 13/13 MP: 3/3
   158 | D:1      | Reached XP level 2. HP: 13/18 MP: 4/4
   188 | D:1      | Reached skill level 1 in Stealth
   210 | D:1      | XOM: divination: detect creatures
   328 | D:1      | XOM: destruction
   336 | D:1      | XOM: cloud trail
   667 | D:1      | Reached XP level 3. HP: 22/22 MP: 5/5
  1034 | D:2      | XOM: 1-stop teleportation journey
  1179 | D:2      | XOM: 2-stop teleportation journey
  1274 | D:2      | Found a runed translucent door.
  1275 | D:2      | Noticed Crazy Yiuf
  1526 | D:3      | XOM: butterfly on damage
  1539 | D:3      | XOM: give mutation
  1539 | D:3      | Gained mutation: You are robust. (+10% HP) [Xom's grace]
  1554 | D:3      | Reached XP level 4. HP: 29/29 MP: 6/6
  1597 | D:3      | Found a white marble altar of Elyvilon.
  1903 | D:3      | XOM: smoke on damage
  1989 | D:2      | Killed Crazy Yiuf
  1990 | D:2      | Reached XP level 5. HP: 35/35 MP: 7/7
  2081 | D:3      | Noticed Robin
  2126 | D:3      | Killed Robin
  2223 | D:3      | Found Adev's Magic Scroll Boutique.
  2235 | D:3      | Bought a scroll of blinking for 97 gold pieces
  2235 | D:3      | Bought a scroll of fear for 52 gold pieces
  2277 | D:3      | Lost mutation: You are robust. (+10% HP) [potion of
                  | mutation]
  2277 | D:3      | Gained mutation: Your body sometimes deteriorates upon
                  | taking damage. [potion of mutation]
  2277 | D:3      | Gained mutation: You are partially covered in iridescent
                  | scales. (AC +2) [potion of mutation]
  2277 | D:3      | Gained mutation: You have a somewhat thin skeletal
                  | structure. (Dex +2, Stealth+) [potion of mutation]
  2483 | D:4      | Found a blossoming altar of Fedhas.
  2589 | D:4      | XOM: divination: magic mapping
  2616 | D:4      | XOM: 3-stop teleportation journey
  2738 | D:4      | Reached XP level 6. HP: 35/38 MP: 8/8
  2885 | D:4      | Reached skill level 1 in Evocations
  3058 | D:4      | Noticed Menkaure
  3061 | D:4      | XOM: cloud trail
  3359 | D:4      | XOM: divination: magic mapping
  3375 | D:5      | Entered Level 5 of the Dungeon
  3500 | D:5      | Noticed utis's ghost (novice TeWn)
  3501 | D:5      | Found a transporter.
  3514 | D:5      | Found a transporter.
  3516 | D:5      | XOM: 2-stop teleportation journey
  3537 | D:5      | Reached skill level 5 in Dodging
  3538 | D:5      | XOM: stat loss: -1 Int (16/17)
  3560 | D:5      | Reached XP level 7. HP: 43/43 MP: 9/9
  3583 | D:5      | Found an opulent altar of Gozag.
  3596 | D:5      | Identified the +10 quarterstaff of Beogh's Whim {protect,
                  | rF+ Int+6 Stlth+}
  3694 | D:5      | Found a shadowy altar of Dithmenos.
  3814 | D:5      | Identified the +5 glaive of Siphonk {protect, rF+ rC+ rN++
                  | Dex+4} (Xom gifted it to you on level 5 of the Dungeon)
  3814 | D:5      | XOM: god gift: +5 glaive of Siphonk {protect, rF+ rC+ rN++
                  | Dex+4}
  3842 | D:5      | Found a bloodstained altar of Trog.
  3923 | D:5      | XOM: noise
  4071 | D:6      | XOM: chaos upgrade
  4136 | D:5      | XOM: give mutations
  4136 | D:5      | Gained mutation: You are frail. (-10% HP) [Xom's mischief]
  4136 | D:5      | Lost mutation: You are frail. (-10% HP) [Xom's mischief]
  4174 | D:6      | Found a sparkling altar of Nemelex Xobeh.
  4194 | D:6      | XOM: butterfly on damage
  4200 | D:6      | Reached skill level 5 in Fighting
  4274 | D:6      | Reached XP level 8. HP: 47/50 MP: 10/10
  4281 | D:6      | XOM: summons friendly ufetubus
  4317 | D:6      | Reached skill level 1 in Spellcasting
  4320 | D:6      | XOM: enchant monster (bad)
  4322 | D:6      | Learned a level 4 spell: Cause Fear
  4333 | D:6      | Learned a level 1 spell: Slow
  4337 | D:6      | Learned a level 3 spell: Confusing Touch
  4373 | D:6      | Reached skill level 1 in Hexes
  4493 | D:6      | Found a runed translucent gate.
  4500 | D:6      | Found a runed translucent gate.
  4502 | D:6      | Found a runed translucent gate.
  4502 | D:6      | Noticed a kobold demonologist
  4507 | D:6      | Noticed kae's ghost (novice DEFE)
  4683 | D:6      | Found a staircase to the Ecumenical Temple.
  4903 | D:6      | XOM: divination: detect items
  4909 | D:6      | XOM: cast spell 'Summon Hydra'
  5043 | D:6      | Found a stormy altar of Qazlal.
  5178 | D:7      | Reached skill level 5 in Hexes
  5192 | D:7      | Reached XP level 9. HP: 55/55 MP: 17/17
  5499 | D:7      | XOM: 1-stop teleportation journey
  5741 | D:7      | XOM: give mutations
  5741 | D:7      | Gained mutation: You are weak. (Str -2) [Xom's mischief]
  5741 | D:7      | Gained mutation: You are clumsy. (Dex -2) [Xom's mischief]
  5741 | D:7      | Lost mutation: You are clumsy. (Dex -2) [Xom's mischief]
  6061 | D:7      | Found a glowing silver altar of Zin.
  6259 | D:7      | XOM: confusion (+ monsters)
  6263 | D:7      | XOM: divination: detect creatures
  6314 | D:7      | XOM: god gift: scroll of teleportation
  6437 | D:8      | Identified a scroll of acquirement
  6604 | D:8      | XOM: butterfly on damage
  6608 | D:8      | XOM: summons friendly ufetubus
  6659 | D:8      | Found a hide-covered altar of Uskayaw.
  6680 | D:8      | XOM: god gift: Bathra's Spellbook of Vitriolic Blasphemous
                  | Magic {god gift}
  6681 | D:8      | Got Bathra's Spellbook of Vitriolic Blasphemous Magic {god
                  | gift}
  6912 | D:8      | Noticed a two-headed ogre
  6948 | D:8      | XOM: divination: detect items
  6951 | D:8      | XOM: summons 3 friendly demons
  6966 | D:8      | Killed a two-headed ogre
  6967 | D:8      | Reached skill level 10 in Hexes
  7076 | D:9      | XOM: summons 5 friendly demons
  7113 | D:9      | Reached XP level 10. HP: 56/61 MP: 18/18
  7901 | D:9      | XOM: scenery: summon butterflies
  7944 | D:10     | XOM: noise
  7944 | D:10     | Entered Level 10 of the Dungeon
  8061 | D:10     | XOM: cast spell 'Death Channel'
  8082 | D:10     | Reached skill level 5 in Spellcasting
  8084 | D:10     | XOM: noise
  8097 | D:10     | XOM: divination: magic mapping
  8134 | D:9      | XOM: silly message
  8162 | D:10     | XOM: summons 10 friendly demons
  8214 | D:10     | Found a staircase to the Orcish Mines.
  8235 | D:10     | Noticed Erica
  8240 | D:10     | XOM is BORED!
  8240 | D:10     | XOM: summons 6 hostile demons
  8324 | D:9      | XOM: summons 1 hostile demon
  8325 | D:9      | Noticed a sixfirhy
  8438 | D:9      | XOM: draining
  8489 | D:10     | XOM: chaos cloud
  8498 | D:10     | XOM: swap monsters
  8538 | D:10     | XOM: swap monsters
  8640 | D:10     | Found a sacrificial altar of Ru.
  8663 | D:10     | XOM: chaos cloud
  8693 | D:10     | XOM: summons friendly sun demon
  8697 | D:10     | Killed Erica
  8704 | D:10     | XOM: give mutation
  8704 | D:10     | Gained mutation: Your flesh is cold resistant. (rC+) [Xom's
                  | grace]
  8921 | D:10     | XOM: silly message
  8933 | D:10     | Found an ancient bone altar of Kikubaaqudgha.
  8974 | D:10     | Reached XP level 11. HP: 68/68 MP: 23/23
  9124 | D:11     | Noticed a sixfirhy
  9128 | D:11     | XOM: polymorph kobold demonologist -> shapeshifter
  9128 | D:11     | a shapeshifter changed into a fire crab
  9128 | D:11     | Noticed a fire crab (shapeshifter)
  9194 | D:11     | Gained mutation: Armour fits poorly on your strangely
                  | shaped body. [a neqoxec]
  9304 | D:10     | XOM: repel stairs
  9340 | D:11     | XOM: summons friendly crimson imp
  9353 | D:11     | XOM: divination: detect creatures
  9429 | D:11     | XOM: fake destruction
  9431 | D:11     | Reached skill level 10 in Dodging
  9431 | D:11     | Reached skill level 5 in Evocations
  9457 | D:10     | XOM: scenery: 2 doors close
  9505 | D:11     | Found a broken altar of Ashenzari.
  9767 | D:11     | Found a staircase to the Lair.
  9799 | D:11     | XOM: cleaving
  9863 | D:11     | Found a runed translucent gate.
  9863 | D:11     | Found a runed translucent gate.
  9864 | D:11     | Found a runed translucent gate.
  9876 | D:11     | Noticed Reshi88's ghost (journeyman FoFi)
 10066 | D:11     | XOM: summons friendly white imp
 10082 | D:11     | XOM: confuse monster(s)
 10085 | D:11     | XOM: confuse monster(s)
 10088 | D:11     | XOM: cast spell 'Summon Ice Beast'
 10129 | D:11     | Killed Reshi88's ghost
 10224 | Lair:1   | Entered Level 1 of the Lair of Beasts
 10270 | Lair:1   | XOM: 1-stop teleportation journey
 10397 | Lair:1   | XOM: polymorph blink frog -> black bear
 10408 | Lair:1   | XOM: cleaving
 10413 | Lair:1   | XOM: fog
 10461 | Lair:1   | Lost mutation: Your body sometimes deteriorates upon taking
                  | damage. [potion of mutation]
 10461 | Lair:1   | Lost mutation: You are partially covered in iridescent
                  | scales. (AC +2) [potion of mutation]
 10461 | Lair:1   | Gained mutation: You are covered in fur. (AC +1) [potion of
                  | mutation]
 10461 | Lair:1   | Lost mutation: You are covered in fur. (AC +1) [potion of
                  | mutation]
 10461 | Lair:1   | Lost mutation: You are weak. (Str -2) [potion of mutation]
 10462 | Lair:1   | Lost mutation: Armour fits poorly on your strangely shaped
                  | body. [potion of mutation]
 10462 | Lair:1   | Lost mutation: You have a somewhat thin skeletal structure.
                  | (Dex +2, Stealth+) [potion of mutation]
 10462 | Lair:1   | Lost mutation: Your flesh is cold resistant. (rC+) [potion
                  | of mutation]
 10462 | Lair:1   | Gained mutation: You are vulnerable to cold. (rC-) [potion
                  | of mutation]
 10479 | Lair:1   | Identified the +2 robe of Sophism {Str+3}
 10573 | Lair:1   | XOM: divine lightning
 10637 | Lair:1   | Reached skill level 1 in Long Blades
 10641 | Lair:1   | XOM: confuse monster(s)
 10678 | Lair:1   | XOM: god gift: 7 stones
 10709 | Lair:1   | XOM: stat loss: -1 Str (14/15)
 10754 | Lair:1   | XOM: confuse monster(s)
 10757 | Lair:1   | Reached skill level 10 in Fighting
 10858 | Lair:1   | XOM: noise
 11014 | Lair:1   | Reached XP level 12. HP: 56/77 MP: 24/24
 11052 | Lair:2   | Acquired a book of Beasts
 11052 | Lair:2   | XOM: 2-stop teleportation journey
 11057 | Lair:2   | XOM: potion effect (brilliance)
 11112 | Lair:1   | Learned a level 5 spell: Summon Mana Viper
 11189 | Lair:2   | Reached skill level 1 in Summonings
 11196 | Lair:2   | XOM: silly message
 11238 | Lair:2   | Found a hole to the Spider Nest.
 11382 | Lair:2   | Found a staircase to the Swamp.
 11391 | Lair:2   | XOM: polymorph rime drake -> water moccasin
 11393 | Lair:2   | XOM: fog
 11579 | Lair:2   | XOM: summons 2 friendly demons
 11590 | Lair:2   | XOM: summons friendly white imp
 11591 | Lair:2   | Reached skill level 5 in Long Blades
 11622 | Lair:2   | XOM: enchant monster (bad)
 11627 | Lair:2   | XOM: summons friendly crimson imp
 11710 | Lair:2   | XOM: noise
 11890 | Lair:2   | Noticed a boulder beetle
 11909 | Lair:2   | Killed a boulder beetle
 11921 | Lair:2   | XOM: divination: detect items
 11923 | Lair:2   | XOM: silly message
 12019 | Lair:2   | XOM: potion effect (invisibility)
 12063 | Lair:2   | XOM: potion effect (invisibility)
 12104 | Lair:2   | XOM: potion effect (heal wounds)
 12109 | Lair:2   | XOM: potion effect (experience)
 12109 | Lair:2   | Reached XP level 13. HP: 68/82 MP: 27/27
 12125 | Lair:2   | XOM: confusion
 12294 | Lair:2   | XOM: give mutations
 12294 | Lair:2   | Gained mutation: You have a pair of small horns on your
                  | head. [Xom's mischief]
 12294 | Lair:2   | Gained mutation: You are frail. (-10% HP) [Xom's mischief]
 12294 | Lair:2   | Gained mutation: You occasionally shout uncontrollably at
                  | your foes. [Xom's mischief]
 12294 | Lair:2   | Gained mutation: You are very frail. (-20% HP) [Xom's
                  | mischief]
 12466 | Lair:2   | XOM: silly message
 12601 | Lair:3   | XOM: polymorph blink frog -> shapeshifter
 12730 | Lair:3   | XOM: noise
 12737 | Lair:3   | XOM: chaos cloud
 12814 | Lair:3   | XOM: smoke on damage
 12959 | Lair:3   | Reached skill level 10 in Summonings
 12974 | Lair:3   | XOM: polymorph water moccasin -> centaur
 12982 | Lair:3   | XOM: cloud trail
 12989 | Lair:3   | Reached XP level 14. HP: 56/70 MP: 23/28
 13051 | Lair:3   | XOM: scenery: create altars
 13129 | Lair:3   | Noticed Amaemon
 13222 | Lair:3   | XOM: god gift: scroll of teleportation
 13399 | Lair:3   | Killed Amaemon
 13786 | Lair:4   | XOM: stealth player
 13813 | Lair:4   | Lost mutation: You are vulnerable to cold. (rC-) [potion of
                  | mutation]
 13813 | Lair:4   | Lost mutation: You occasionally shout uncontrollably at
                  | your foes. [potion of mutation]
 13813 | Lair:4   | Gained mutation: You occasionally lose the ability to read
                  | scrolls when taking damage. [potion of mutation]
 13813 | Lair:4   | Gained mutation: Your body sometimes deteriorates upon
                  | taking damage. [potion of mutation]
 13813 | Lair:4   | Gained mutation: Your system is resistant to poisons.
                  | (rPois) [potion of mutation]
 13928 | Lair:4   | Found a staircase to the Slime Pits.
 13930 | Lair:4   | Noticed Snorg
 14058 | Lair:4   | Killed Snorg
 14561 | Lair:5   | Entered Level 5 of the Lair of Beasts
 14592 | Lair:5   | XOM: 3-stop teleportation journey
 14625 | Lair:5   | Found a dark tunnel.
 14637 | Volcano  | Entered a volcano
 15159 | Volcano  | XOM: potion effect (might)
 15272 | Volcano  | Noticed an orb of fire
 15347 | Volcano  | Noticed an orb of fire
 15590 | Lair:5   | XOM: destruction
 15755 | Lair:5   | XOM: give mutations
 15755 | Lair:5   | Lost mutation: You have a pair of small horns on your head.
                  | [Xom's mischief]
 15755 | Lair:5   | Gained mutation: You have sharp toenails. [Xom's mischief]
 15755 | Lair:5   | Gained mutation: You occasionally lose the ability to drink
                  | potions when taking damage. [Xom's mischief]
 15846 | Lair:5   | XOM: 3-stop teleportation journey
 16003 | Lair:5   | XOM: cleaving
 16014 | Lair:5   | XOM: polymorph mana viper -> jorogumo
 16126 | Lair:5   | XOM: butterfly on damage
 16132 | Lair:5   | Reached skill level 10 in Long Blades
 16557 | Lair:5   | XOM: scenery: 3 doors close
 16567 | Lair:5   | XOM: enchant monster (good)
 16568 | Lair:5   | XOM: 1-stop teleportation journey
 16639 | Lair:5   | XOM: smoke on damage
 16667 | Lair:5   | XOM: enchant monster (bad)
 16793 | Lair:5   | XOM: smoke on damage
 16796 | Lair:5   | XOM: noise
 17018 | Lair:5   | XOM: enchant monster (good)
 17030 | Lair:5   | Reached XP level 15. HP: 75/75 MP: 24/29
 17252 | Lair:5   | XOM: stat loss: -1 Str (7/9)
 17282 | Lair:5   | Identified the +4 spear "Sadyttum" {speed, rPois Int-4
                  | Dex+3}
 17368 | Lair:5   | XOM: give mutations
 17368 | Lair:5   | Lost mutation: You have sharp toenails. [Xom's mischief]
 17368 | Lair:5   | Gained mutation: You have an increased reservoir of magic.
                  | (+10% MP) [Xom's mischief]
 17368 | Lair:5   | Lost mutation: Your body sometimes deteriorates upon taking
                  | damage. [Xom's mischief]
 17455 | D:12     | Found Mowe's Jewellery Emporium.
 17457 | D:12     | Found Doden's Distillery.
 17514 | D:12     | XOM: 2-stop teleportation journey
 17524 | D:12     | Reached skill level 1 in Shields
 17526 | D:12     | Noticed Fannar
 17535 | D:12     | XOM: chaos cloud
 17614 | D:12     | Found Suhipp's Weapon Shop.
 17638 | D:12     | Bought a +2 vampiric demon blade for 684 gold pieces
 17655 | D:12     | Bought a potion of heal wounds for 65 gold pieces
 17655 | D:12     | Bought a potion of heal wounds for 65 gold pieces
 17655 | D:12     | Bought a potion of mutation for 104 gold pieces
 17655 | D:12     | Lost mutation: Your system is resistant to poisons. (rPois)
                  | [potion of mutation]
 17655 | D:12     | Lost mutation: You have an increased reservoir of magic.
                  | (+10% MP) [potion of mutation]
 17655 | D:12     | Lost mutation: You are very frail. (-20% HP) [potion of
                  | mutation]
 17655 | D:12     | Gained mutation: You are very frail. (-20% HP) [potion of
                  | mutation]
 17655 | D:12     | Lost mutation: You are very frail. (-20% HP) [potion of
                  | mutation]
 17656 | D:12     | Bought a potion of resistance for 130 gold pieces
 17706 | D:12     | XOM: summons 4 hostile shadow creatures
 17782 | D:12     | XOM: summons 3 hostile shadow creatures
 17790 | D:12     | Killed Fannar
 18016 | D:12     | XOM: 10-stop teleportation journey
 18069 | D:12     | XOM: give mutations
 18069 | D:12     | Lost mutation: You occasionally lose the ability to drink
                  | potions when taking damage. [Xom's mischief]
 18069 | D:12     | Gained mutation: You are very frail. (-20% HP) [Xom's
                  | mischief]
 18069 | D:12     | Gained mutation: You are agile. (Dex +4, Str/Int -1) [Xom's
                  | mischief]
 18136 | D:12     | Identified the ring "Otrutef" {*Slow rElec rPois rN+}
 18182 | D:12     | Found Derchiocy's Assorted Antiques.
 18250 | D:12     | XOM: god gift: morningstar {god gift}
 18526 | D:13     | Noticed Maurice
 18536 | D:13     | Killed Maurice
 18645 | D:13     | Found Yskepu Qinwa's Book Shoppe.
 18767 | D:13     | XOM: god gift: 5 stones
 18843 | D:13     | XOM: confuse monster(s)
 19023 | D:13     | XOM: give mutation
 19023 | D:13     | Gained mutation: Your mind is acute. (Int +4, Str/Dex -1)
                  | [Xom's grace]
 19142 | D:13     | XOM: summons friendly iron imp
 19349 | D:13     | Found a gate to the Vaults.
 19358 | D:13     | XOM: scenery: create altars
 19618 | D:14     | XOM: god gift: 63 gold pieces
 19767 | D:14     | XOM: potion effect (berserk rage)
 19889 | D:14     | Found an opulent altar of Gozag.
 20118 | D:14     | XOM: summons friendly ufetubus
 20172 | D:14     | Identified the ring "Tietsium" {rPois rF+ Dex+3 SInv}
 20293 | D:14     | XOM: noise
 20325 | D:15     | Entered Level 15 of the Dungeon
 20530 | D:15     | XOM: divination: detect creatures
 20548 | D:15     | XOM: potion effect (might)
 20550 | D:15     | XOM: fog
 20824 | D:15     | XOM: chaos upgrade
 21062 | D:15     | Found a staircase to the Depths.
 21194 | D:15     | XOM: scenery: 1 doors close
 21201 | D:15     | XOM: enchant monster (good)
 21203 | D:15     | XOM: 1-stop teleportation journey
 21212 | D:15     | XOM: smoke on damage
 21320 | D:15     | XOM: 1-stop teleportation journey
 21436 | D:15     | XOM: stat loss: -1 Dex (25/26)
 21443 | D:15     | XOM: polymorph mana viper -> glowing shapeshifter
 21591 | D:13     | XOM: give mutations
 21591 | D:13     | Lost mutation: You occasionally lose the ability to read
                  | scrolls when taking damage. [Xom's mischief]
 21591 | D:13     | Lost mutation: You are agile. (Dex +4, Str/Int -1) [Xom's
                  | mischief]
 21657 | Orc:1    | Entered Level 1 of the Orcish Mines
 21705 | Orc:1    | XOM: stat loss: -1 Str (7/8)
 21874 | Orc:2    | Entered Level 2 of the Orcish Mines
 21931 | Orc:2    | Reached XP level 16. HP: 80/80 MP: 26/30
 21965 | Orc:2    | XOM: noise
 22101 | Orc:2    | XOM: chaos upgrade
 22194 | Orc:1    | XOM: give mutations
 22194 | Orc:1    | Lost mutation: You are very frail. (-20% HP) [Xom's
                  | mischief]
 22194 | Orc:1    | Gained mutation: You occasionally lose the ability to drink
                  | potions when taking damage. [Xom's mischief]
 22194 | Orc:1    | Gained mutation: You have sharp toenails. [Xom's mischief]
 22194 | Orc:1    | Gained mutation: Your body sometimes deteriorates upon
                  | taking damage. [Xom's mischief]
 22326 | Orc:2    | XOM: summons 1 hostile shadow creature
 22429 | Orc:2    | Found a staircase to the Elven Halls.
 22430 | Orc:2    | XOM: 2-stop teleportation journey
 22555 | Orc:2    | XOM: noise
 22556 | Orc:2    | XOM: polymorph orc warrior -> scorpion
 22572 | Orc:2    | Reached skill level 5 in Shields
 22992 | Orc:2    | Found Buvvel's Antique Armour Emporium.
 22993 | Orc:2    | Found Gywy's Antique Weapon Emporium.
 22994 | Orc:2    | Found Lefeng's General Store.
 22994 | Orc:2    | Found Diexira's Book Shoppe.
 23031 | Orc:2    | XOM is BORED!
 23031 | Orc:2    | XOM: stat loss: -2 Int (21/24)
 23165 | D:11     | XOM: god gift: scroll of poison
 23251 | Spider:1 | Entered Level 1 of the Spider Nest
 23334 | Spider:1 | XOM: polymorph mana viper -> goliath frog
 23473 | Spider:1 | You fall into a shaft and drop 1 floor!
 23482 | Spider:1 | XOM: silly message
 23624 | Spider:1 | XOM: silly message
 23636 | Spider:1 | XOM: silly message
 23723 | Spider:1 | XOM: silly message
 23964 | Spider:1 | XOM: silly message
 24120 | Spider:1 | XOM: potion effect (invisibility)
 24127 | Spider:1 | XOM: butterfly on damage
 24345 | Spider:1 | XOM: silly message
 24348 | Spider:1 | XOM: potion effect (brilliance)
 24416 | Spider:1 | XOM: silly message
 24855 | Spider:1 | XOM: give mutations
 24855 | Spider:1 | Lost mutation: You occasionally lose the ability to drink
                  | potions when taking damage. [Xom's mischief]
 24855 | Spider:1 | Gained mutation: You are weak. (Str -2) [Xom's mischief]
 24855 | Spider:1 | Gained mutation: You have sharp fingernails. [Xom's
                  | mischief]
 24855 | Spider:1 | Gained mutation: You are clumsy. (Dex -2) [Xom's mischief]
 25129 | Spider:2 | XOM: torment (59/93 hp)
 25260 | Spider:2 | XOM: summons 2 hostile demons
 25356 | Spider:2 | XOM: 3-stop teleportation journey
 25384 | Spider:2 | XOM: butterfly on damage
 25508 | Spider:2 | XOM: 1-stop teleportation journey
 25531 | Spider:2 | XOM: give mutations
 25531 | Spider:2 | Lost mutation: You are frail. (-10% HP) [Xom's mischief]
 25531 | Spider:2 | Gained mutation: You occasionally lose the ability to drink
                  | potions when taking damage. [Xom's mischief]
 25531 | Spider:2 | Lost mutation: Your mind is acute. (Int +4, Str/Dex -1)
                  | [Xom's mischief]
 25531 | Spider:2 | Gained mutation: You are very clumsy. (Dex -4) [Xom's
                  | mischief]
 25751 | Spider:2 | XOM: stat loss: -1 Dex (15/19)
 26329 | Spider:2 | XOM: scenery: summon butterflies
 26577 | Spider:3 | XOM: 1-stop teleportation journey
 26624 | Spider:3 | XOM: cleaving
 26625 | Spider:3 | XOM: summons 3 friendly demons
 26698 | Spider:3 | XOM: silly message
 26920 | Spider:3 | XOM: scenery: summon butterflies
 26935 | Spider:3 | XOM: polymorph ghost moth -> spark wasp
 26936 | Spider:3 | XOM: summons 6 friendly demons
 26941 | Spider:3 | XOM: fog
 27000 | Spider:3 | Reached XP level 17. HP: 110/110 MP: 6/31
 27014 | Spider:3 | XOM: silly message
 27073 | Spider:2 | XOM: silly message
 27197 | Spider:3 | XOM: 2-stop teleportation journey
 27205 | Spider:3 | XOM: butterfly on damage
 27278 | Spider:3 | XOM: noise
 27862 | Spider:3 | XOM: divination: detect items
 27865 | Spider:3 | XOM: noise
 27867 | Spider:3 | XOM: cast spell 'Leda's Liquefaction'
 27885 | Spider:3 | XOM: silly message
 28028 | Spider:3 | XOM: divination: detect creatures
 28076 | Spider:4 | Entered Level 4 of the Spider Nest
 28097 | Spider:4 | XOM: polymorph demonic crawler -> hell hog
 28105 | Spider:3 | XOM: enchant monster (bad)
 28240 | Spider:4 | XOM: polymorph torpor snail -> merfolk
 28399 | Spider:4 | Slain by a broodmother

Illustrated notes

Levels and vault maps discovered:
D:1:      minmay_arrival_plants_in_alcoves, layout_loops_ring,
          minmay_pentomino_z2
D:2:      layout_basic, uniq_crazy_yiuf_cottage
D:3:      layout_basic, mainiacjoe_overflow_boulevard, serial_shops, shop,
          uniq_robin
D:4:      layout_layer_cave, overflow_temple_1_default, uniq_menkaure
D:5:      corexii_shack_village, layout_rooms,
          mainiacjoe_overflow_catch_the_wave, mainiacjoe_overflow_tiny_flanked,
          gammafunk_ghost_arena, grunt_ministairs_1, serial_bayou_pond_d
D:6:      layout_loops_ring, kennysheep_mini_moat,
          mainiacjoe_overflow_small_starburst,
          minmay_temple_entry_drinking_statues, gammafunk_ghost_nasty_kobolds,
          minmay_misc_feat_plants, grunt_decor_cap
D:7:      layout_basic, zin_treasury
D:8:      layout_basic, nicolae_uskayaw_murder_on_the_dancefloor,
          grunt_decor_arrowhead
D:9:      layout_loops_ring, nicolae_wwwww, grunt_ogre_cave
D:10:     layout_gridville, nicolae_kikubaaqudgha_miasma_corner,
          nicolae_ru_the_path_less_chosen, erik_orc_4, grunt_ministairs_11,
          uniq_erica
D:11:     layout_rooms, lair_entry_dummy, gammafunk_ghost_spectres,
          evilmike_ruin_ashenzari
D:12:     layout_cave_pools, serial_shops,
          nicolae_shop_competitors_out_of_business, shop, shop,
          nicolae_shop_hallway_plus, uniq_fannar
D:13:     layout_cave_pools, david_vaults_5, serial_glass, glass_columns_b,
          glass_columns_b, due_unseen_surprise, serial_shops,
          nicolae_shop_hallway_plus, uniq_maurice
D:14:     layout_rooms, nicolae_gozag_cash_rules_everything_around_me
D:15:     grunt_enter_depths_magical_seal, layout_irregular_city,
          grunt_decor_mini_mirrors
Lair:1:   layout_roguey
Lair:2:   layout_cave_pods, skrybe_swamp_entry_bodies, dummy_spider_entry,
          special_room [special_room_bee], kennysheep_abandoned_house,
          grunt_megastairs_5, infiniplex_staircase_pool
Lair:3:   layout_chaotic_city, serial_forest, infiniplex_forest_lined_3_way,
          infiniplex_forest_lined_corner, infiniplex_forest_straight_4,
          infiniplex_forest_end_double, infiniplex_forest_clump_long,
          nzn_random_ring, uniq_amaemon
Lair:4:   layout_loops_ring, minmay_slime_entry_pillars,
          nicolae_quartered_pool_medium, serial_bayou_pond_e, uniq_snorg
Lair:5:   due_jungle_book, layout_loops_ring, enter_volcano_2,
          minmay_lindwurm_lava
Spider:1: layout_cave_pods, nicolae_spider_bug_shape
Spider:2: layout_spider_delve, nicolae_orb_stairs
Spider:3: layout_spider_delve, nicolae_spider_jagged_tunnels
Spider:4: floodkiller_spider_rune_tomb
Orc:1:    layout_caves, uniq_nergalle
Orc:2:    st_orc_congregation, layout_diamond_mine

Skill      XL: |  1  2  3  4  5  6  7  8  9 10 11 12 13 14 15 16 17 |
---------------+----------------------------------------------------+-----
Stealth        | 1 2 3 4 |  4.0
Dodging        | 3 4 5 6 8 9 11 12 | 12.0
Fighting       | 3 4 5 6 8 10 11 12 13 14 | 14.0
Short Blades   | 4 |  4.0
Evocations     | 2 3 4 6 8 |  8.0
Spellcasting   | 4 7 8 |  8.0
Hexes          | 5 10 12 13 14 | 14.0
Long Blades    | 3 6 7 10 13 | 13.7
Summonings     | 9 10 | 10.0
Shields        | 4 8 9 |  9.8
Armour         | |  0.7

Action                     |  1- 3 |  4- 6 |  7- 9 | 10-12 | 13-15 | 16-18 || total
---------------------------+-------+-------+-------+-------+-------+-------++-------
  Melee: Short sword       |   164 |    70 |       |       |       |       ||   234
         Punch             |     1 |     1 |       |       |     5 |       ||     7
         Quarterstaff      |       |   105 |   329 |   680 |   221 |       ||  1335
         Headbutt          |       |       |       |       |    46 |       ||    46
         Long sword        |       |       |       |       |   162 |       ||   162
         Demon blade       |       |       |       |       |   411 |  1191 ||  1602
         Scimitar          |       |       |       |       |    15 |       ||    15
  Throw: Dart              |       |       |       |       |     2 |       ||     2
         Throwing net      |       |       |       |       |     1 |       ||     1
   Cast: Slow              |       |       |       |     7 |       |       ||     7
         Summon Mana Viper |       |       |       |     3 |   141 |    92 ||   236
         Cause Fear        |       |       |       |       |     1 |     7 ||     8
         Confusing Touch   |       |       |       |       |       |     1 ||     1
  Evoke: Piece from Xom's  |       |     2 |    11 |     6 |     7 |       ||    26
         Wand              |       |       |     1 |     1 |     6 |    20 ||    28
         Box of beasts     |       |       |       |       |       |     1 ||     1
    Use: Scroll            |     4 |     4 |     4 |    10 |    14 |     9 ||    45
         Potion            |     1 |     2 |     1 |     5 |     6 |    10 ||    25
   Stab: Sleeping          |     8 |     8 |    11 |     8 |     9 |     2 ||    46
         Petrifying        |     1 |       |       |       |       |       ||     1
         Confused          |       |     1 |     2 |     7 |     1 |     1 ||    12
         Petrified         |       |       |     4 |       |       |       ||     4
         Distracted        |       |       |       |     4 |     5 |    10 ||    19
         Invisible         |       |       |       |    12 |     3 |    27 ||    42
         Fleeing           |       |       |       |       |       |     1 ||     1
 Armour: Leather armour    |    38 |    52 |   160 |   384 |   303 |       ||   937
         Troll leather arm |       |       |       |       |    51 |   377 ||   428
  Dodge: Dodged            |    79 |    95 |   317 |   936 |   774 |   945 ||  3146
  Block: Buckler           |       |     5 |       |       |   107 |    64 ||   176
         Kite shield       |       |       |       |       |       |   863 ||   863

Table legend: (Time is in decaauts)
 A = Elapsed time spent in this place.
 B = Non-inter-level travel time spent in this place.
 C = Inter-level travel time spent in this place.
 D = Time resting spent in this place.
 E = Time spent auto-exploring this place.
 F = Levels seen in this place.
 G = Mean time per level.
                   A        B        C        D        E       F      G
               +--------+--------+--------+--------+--------+-----+--------+
         Total |  28467 |  26817 |   1650 |   4668 |  12791 |  27 | 1054.3 |
       Dungeon |  14598 |  13797 |    801 |   1882 |   7461 |  15 |  973.2 |
          Lair |   6732 |   6322 |    410 |    665 |   3232 |   5 | 1346.4 |
   Spider Nest |   4940 |   4568 |    372 |   1520 |   1493 |   4 | 1235.0 |
  Orcish Mines |   1371 |   1304 |     67 |    359 |    416 |   2 |  685.5 |
       Volcano |    824 |    824 |      0 |    242 |    187 |   1 |  824.0 |
               +--------+--------+--------+--------+--------+-----+--------+

Top non-repeatable levels by time:
  Lair:5: 1880 daAuts
Spider:3: 1711 daAuts
  Lair:2: 1652 daAuts
Spider:1: 1635 daAuts
Spider:2: 1461 daAuts
  Lair:3: 1265 daAuts
    D:11: 1262 daAuts
     D:7: 1246 daAuts
    D:10: 1229 daAuts
     D:6: 1181 daAuts
    D:13: 1112 daAuts
    D:15: 1109 daAuts
     D:9: 1060 daAuts
  Lair:1: 972 daAuts
     D:4: 967 daAuts
